 Dungeon Crawl Stone Soup version 0.20.1-1-g8b1a95d (webtiles) character file.

156 renl the Digger (level 5, 0/38 HPs)
             Began as a Draconian Earth Elementalist on July 16, 2017.
             Killed by divine providence
             ... invoked by an orc priest
              (11 damage)
             ... on level 4 of the Dungeon.
             The game lasted 00:10:21 (2088 turns).

renl the Digger (Draconian Earth Elementalist)      Turns: 2088, Time: 00:10:22

Health: 0/38       AC:  6    Str: 10    XL:     5   Next: 15%
Magic:  3/10       EV: 12    Int: 16    God:
Gold:   217        SH:  0    Dex: 12    Spells: 2/10 levels left

rFire    . . .     SeeInvis .   e - +0 spear
rCold    . . .     Gourm    .   (no shield)
rNeg     . . .     Faith    .   (armour unavailable)
rPois    .         Spirit   .   (helmet restricted)
rElec    .         Reflect  .   (no cloak)
rCorr    .         Harm     .   n - +0 pair of gloves
MR       .....                  (no boots)
Stlth    ++........             (no amulet)
Regen    0.2/turn               (no ring)
MPRegen  0.2/turn               (no ring)

@: lethally poisoned (0 -> -11)
A: unfitting armour, cold-blooded, AC +5
a: no special abilities


You were on level 4 of the Dungeon.
You were not hungry.

You visited 1 branch of the dungeon, and saw 4 of its levels.

You collected 217 gold pieces.

Inventory:

Hand Weapons
 e - a +0 spear (weapon)
Missiles
 b - 175 stones (quivered)
Armour
 n - a +0 pair of gloves (worn)
Scrolls
 a - a scroll of noise {unknown}
 g - 2 scrolls of teleportation {unknown}
 i - 3 scrolls of magic mapping {unknown}
 l - 4 scrolls of identify {unknown}
 o - a scroll of fog {unknown}
 r - 2 scrolls of remove curse {unknown}
 s - a scroll of enchant weapon {unknown}
 x - a scroll of amnesia {unknown}
Potions
 f - a potion of might {unknown}
 h - a potion of lignification {unknown}
 k - 2 potions of curing {unknown}
 m - a potion of heal wounds {unknown}
 q - a potion of agility {unknown}
 t - a potion of degeneration {unknown}
 u - a potion of resistance {unknown}
 v - a potion of berserk rage {unknown}
 z - a potion of cancellation {unknown}
Books
 d - a book of Geomancy

   Spells                             Type                      Level
   a - Sandblast                      Earth                        1
   b - Passwall                       Transmutation/Earth          2
   c - Stone Arrow                    Conjuration/Earth            3
   d - Petrify                        Transmutation/Earth          4
   e - Lee's Rapid Deconstruction     Earth                        5
Comestibles
 c - 3 bread rations
 j - 4 fruits
 p - 2 meat rations
 w - 4 chunks of flesh


   Skills:
 - Level 1.7 Dodging
 - Level 1.7 Stealth
 + Level 3.4 Spellcasting
 + Level 1.0 Transmutations
 + Level 4.9 Earth Magic


You had 2 spell levels left.
You knew the following spells:

 Your Spells              Type           Power        Failure   Level  Hunger
a - Sandblast             Erth           ###...       2%          1    None
b - Passwall              Tmut/Erth      ##........   8%          2    ##.....
c - Lee's Rapid Deconstr  Erth           ###.......   54%         5    ######.


Dungeon Overview and Level Annotations

Branches:
Dungeon (4/15)
 Temple: D:4-7

Altars:
Fedhas
Nemelex Xobeh


Innate Abilities, Weirdness & Mutations

Your plain brown scales are hard. (AC +5)
You cannot fit into any form of body armour.
You are cold-blooded and may be slowed by cold attacks.


Message History

Casting: Sandblast
Confirm with . or Enter, or press ? or * to list all spells.
Aiming: Sandblast
Press: ? - help, Shift-Dir - straight line, f - orc priest, p - scorpion
Aim: an orc priest, wielding a short sword and wearing a leather armour The blast of sand hits the worker ant.
The worker ant is severely wounded.
b - 175 stones The worker ant bites you.
You are poisoned.
The worker ant poisons you!
You feel sick.
You feel sick. The worker ant misses you. The worker ant bites you.
You are lethally poisoned!
The worker ant poisons you!
* * * LOW HITPOINT WARNING * * *
You feel sick.
The orc priest calls down the wrath of Beogh upon you.
Beogh smites you!
You die...

#..............##
#................
#..............##
##............)#
##.....#....^.#
##Z.##########
##o## #
######..#######....
#..<@as.........#
#.......#########
#.......# #.......#
#.......# #.......#
#.......# #.......#


You could see a scorpion, a worker ant and an orc priest.

Vanquished Creatures
  A howler monkey skeleton (D:4)
  2 adders
  3 gnolls (D:3)
  3 oozes
  3 worms (D:3)
  2 dart slugs (D:1)
  2 leopard geckos (D:2)
  An orc (D:3)
  2 giant cockroaches (D:1)
  5 goblins
  3 hobgoblins
  7 jackals (D:1)
  13 kobolds
  A ball python (D:2)
  9 bats
  6 frilled lizards
  14 rats
77 creatures vanquished.

Notes
Turn   | Place    | Note
-------+----------+-------------------------------------------
     0 | D:1      | renl the Draconian Earth Elementalist began the quest for the Orb.
     0 | D:1      | Reached XP level 1. HP: 14/14 MP: 3/3
   131 | D:1      | Reached XP level 2. HP: 6/20 MP: 5/5
   139 | D:1      | Learned a level 2 spell: Passwall
   523 | D:1      | Reached XP level 3. HP: 17/26 MP: 4/6
   870 | D:2      | Reached skill level 4 in Earth Magic
  1093 | D:2      | Found a faded altar of an unknown god.
  1217 | D:2      | Reached XP level 4. HP: 23/33 MP: 5/8
  1711 | D:3      | Found a blossoming altar of Fedhas.
  1720 | D:3      | Found a sparkling altar of Nemelex Xobeh.
  2019 | D:4      | Reached XP level 5. HP: 38/38 MP: 9/9
  2026 | D:4      | Learned a level 5 spell: Lee's Rapid Deconstruction
  2088 | D:4      | Killed from afar by an orc priest

Skill      XL: |  1  2  3 |
---------------+----------+-----
Earth Magic    | 4 |  4.9
Spellcasting   | 3 |  3.4
Dodging        | |  1.7
Stealth        | |  1.7
Transmutations | |  1.0

Action                   |  1- 3 |  4- 6 || total
-------------------------+-------+-------++-------
Melee: Unarmed           |    24 |       ||    24
       Spear             |   136 |   111 ||   247
       Tailslap          |    11 |     6 ||    17
 Cast: Sandblast         |    16 |    16 ||    32
 Stab: Sleeping          |     3 |     7 ||    10
       Distracted        |     1 |       ||     1
  Eat: Chunk             |     1 |     3 ||     4
Armor: Skin              |    56 |    26 ||    82
Dodge: Dodged            |    88 |    55 ||   143
